 Dungeon Crawl Stone Soup version 0.16.1-30-g34a7ffa (webtiles) character file.

3425 Miyamura the Cudgeler (level 9, -2/89 HPs)
             Began as a Troll Berserker on June 11, 2015.
             Was a High Priest of Trog.
             Slain by an orc warrior
             ... wielding a +0 halberd
              (21 damage)
             ... on level 8 of the Dungeon on June 12, 2015.
             The game lasted 00:30:05 (6413 turns).

Miyamura the Cudgeler (Troll Berserker)             Turns: 6413, Time: 00:30:08

Health: -2/89      AC:  5    Str: 27    XL:     9   Next: 76%
Magic:  1/1        EV: 12    Int:  7    God:    Trog [*****.]
Gold:   214        SH:  0    Dex: 12    Spells: 0 memorised, 8 levels left

rFire  . . .     SeeInvis .     t - +6 executioner's axe (antimagic)
rCold  . . .     Clarity  +     b - +0 animal skin
rNeg   . . .     SustAb   +     (shield restricted)
rPois  .         Gourm    +     (helmet restricted)
rElec  .         Spirit   .     (no cloak)
rCorr  .         Warding  .     (gloves unavailable)
rMut   .         Stasis   .     (boots unavailable)
MR     .....                    l - amulet of clarity (curse)
Stlth  +.........               j - ring of sustain abilities (curse)
                                e - +4 ring of intelligence (curse)

@: not resistant to hostile enchantments, very unstealthy
A: unfitting armour, claws 3, fast metabolism 3, gourmand, regeneration 2,
shaggy fur 1, tough skin 2
a: Burn Spellbooks, Berserk, Trog's Hand, Brothers in Arms, Renounce Religion


You were on level 8 of the Dungeon.
You worshipped Trog.
Trog was extremely pleased with you.
You were not hungry.

You visited 2 branches of the dungeon, and saw 9 of its levels.
You also visited: Sewer and Ossuary.

You collected 660 gold pieces.
You spent 446 gold pieces at shops.

Inventory:

Hand weapons
 m - a +2 flail of holy wrath
 t - a +6 antimagic executioner's axe (weapon)
 x - a cursed +0 giant spiked club
Armour
 b - a +0 animal skin (worn)
Jewellery
 e - a cursed +4 ring of intelligence (left claw)
 j - a cursed ring of sustain abilities (right claw)
 l - a cursed amulet of clarity (around neck)
 q - an uncursed amulet of warding
Magical devices
 g - a wand of random effects (10)
 h - a wand of magic darts (39)
 y - a wand of digging (10)
Scrolls
 f - 5 scrolls of remove curse
 s - 2 scrolls of teleportation
 z - a scroll of enchant weapon
 B - 3 scrolls of identify
 C - 2 scrolls of amnesia
 G - a scroll of fog
Potions
 a - 6 potions of curing
 k - 2 potions of cancellation
 n - 3 potions of flight
 o - 2 potions of heal wounds
 p - a potion of agility
 r - a potion of brilliance
 v - a potion of magic
 A - a potion of restore abilities
Books
 u - a book of the Sky

   Spells                             Type                      Level
   a - Flight                         Charms/Air                   3
   b - Airstrike                      Air                          4
   c - Silence                        Hexes/Air                    5
   d - Deflect Missiles               Charms/Air                   6
   e - Conjure Ball Lightning         Conjuration/Air              6
   f - Tornado                        Air                          9
   Trog disapproves of the use of such an item.
 w - a book of Debilitation

   Spells                             Type                      Level
   a - Corona                         Hexes                        1
   b - Slow                           Hexes                        2
   c - Inner Flame                    Hexes/Fire                   3
   d - Enslavement                    Hexes                        4
   e - Cause Fear                     Hexes                        4
   f - Leda's Liquefaction            Hexes/Earth                  4
   Trog disapproves of the use of such an item.
Comestibles
 c - 12 meat rations
 d - 10 bread rations
 i - 3 beef jerkies
 D - 4 fruits
 E - a royal jelly


   Skills:
 + Level 5.7 Fighting
 + Level 0.1(3.4) Axes
 - Level 6.2(6.3) Maces & Flails
 - Level 5.3 Armour
 + Level 5.5 Dodging
 + Level 6.0 Unarmed Combat


You had 8 spell levels left.
You didn't know any spells.

Dungeon Overview and Level Annotations

Branches:
Dungeon (8/15)             Temple (1/1) D:6
   Lair: D:8-11

Altars:
Cheibriados
Dithmenos
Elyvilon
Fedhas
Gozag
Kikubaaqudgha
Makhleb
Nemelex Xobeh
Okawaru
Qazlal
Ru
Sif Muna
Trog
Vehumet
Xom
Yredelemnul
Zin
The Shining One

Shops:
D:4 *   D:8 =


Innate Abilities, Weirdness & Mutations

You are too large for most types of armour.
You have claws for hands.
Your metabolism is lightning-fast.
You like to eat raw meat.
You heal very quickly.
You are covered in fur (AC +1).
You have very tough skin (AC +2).


Message History

You closely miss the orc priest.
The orc priest is severely wounded.
You closely miss the orc wizard. The orc wizard closely misses you.
The orc priest completely misses you.
The orc warrior hits you from afar with a halberd!
The orc wizard hits you with a dagger.
You completely miss the orc priest.
The orc priest is severely wounded.
You hit the orc wizard.
The orc wizard's magic leaks into the air.
The orc wizard is heavily wounded.
The orc priest hits you with a hand axe.
* * * LOW HITPOINT WARNING * * *
The orc warrior closely misses you.
The orc wizard points at you and mumbles some strange words.
The magic dart hits you!
* * * LOW HITPOINT WARNING * * *
The orc priest glows brightly for a moment.
The orc warrior hits you from afar with a halberd!!
You die...

......#..# #..# *******
#######..# #..# *,,,,,** *
##..## #..#**,,,,,,*** #
##.### #..#*,,***,,,,***** #
##.## ##.#*,,* **,,,,,,,* #
#.## #.#*,** *,,,,,,,,*
###.# ##.#*,# **,,,,,,,**
##..# #..##.###.#***,,**
....# #..@o.....# **,,,***
...## ##..oo...##**,,,,,,,
.#.# #..o....#**,,****,,
).##########**##.###....,***
**, ).......s...,**#.#
*,..#** **
))..........,,,#.#
*,,#****** ***
.............,,#.#
**,,,>,,,***,,
.............,,..#
******,,,,,,,
.....#.....#.,,..#* ********


You could see an orc warrior, an orc priest, an orc wizard and an orc.

Vanquished Creatures
  The ghost of comborobin the Slicer, an experienced NaCK of Xom (Sewer)
  A spriggan (D:7)
  A deep elf mage (D:8)
  Eustachio (D:7)
  A soldier ant (D:8)
  Menkaure (Ossuary)
  5 ogres
  2 phantoms
  Sigmund (D:7)
  3 giant frogs
  2 big kobolds
  A scorpion (D:7)
  A killer bee (D:8)
  3 wights (D:5)
  3 crimson imps
  3 hounds
  A jelly (D:5)
  A giant frog zombie (D:5)
  An orc priest (D:5)
  2 centaur skeletons
  2 iguanas
  9 worker ants
  9 orc wizards
  A hound skeleton (D:7)
  3 mummies (Ossuary)
  A worker ant zombie (D:6)
  5 gnolls
  2 river rats (D:5)
  9 adders
  A giant mite (D:2)
  A worm (D:4)
  4 giant geckos
  An ooze (Sewer)
  34 orcs
  A bat zombie (D:5)
  6 giant cockroaches
  6 gnoll zombies (Ossuary)
  9 goblins
  21 hobgoblins
  9 jackals
  25 kobolds
  8 ball pythons
  12 bats
  2 giant newts
  6 gnoll skeletons (Ossuary)
  5 goblin skeletons (Ossuary)
  5 goblin zombies (Ossuary)
  4 hobgoblin skeletons (Ossuary)
  3 hobgoblin zombies (Ossuary)
  A jackal skeleton (D:6)
  4 kobold skeletons (Ossuary)
  2 kobold zombies (Ossuary)
  3 quokkas
  23 rats
  2 rat skeletons (Ossuary)
  2 rat zombies (Ossuary)
276 creatures vanquished.

Vanquished Creatures (collateral kills)
  3 kobolds (Sewer)
3 creatures vanquished.

Vanquished Creatures (others)
  A goblin zombie (Ossuary)
  2 hobgoblin skeletons (Ossuary)
  2 hobgoblin zombies (Ossuary)
  A kobold zombie (Ossuary)
  An orc skeleton (Ossuary)
  2 orc zombies (Ossuary)
  A rat skeleton (Ossuary)
  A rat zombie (Ossuary)
11 creatures vanquished.

Grand Total: 290 creatures vanquished

Notes
Turn   | Place    | Note
--------------------------------------------------------------
     0 | D:1      | Miyamura, the Troll Berserker, began the quest for the Orb.
     0 | D:1      | Reached XP level 1. HP: 22/22 MP: 1/1
   164 | D:1      | Reached XP level 2. HP: 29/29 MP: 1/1
   445 | D:1      | Acquired Trog's second power
   684 | D:2      | Reached skill level 3 in Maces & Flails
   684 | D:2      | Reached XP level 3. HP: 36/36 MP: 2/2
   719 | D:2      | Reached skill level 1 in Unarmed Combat
  1041 | D:2      | Reached XP level 4. HP: 36/44 MP: 2/2
  2184 | D:4      | Reached XP level 5. HP: 49/53 MP: 2/2
  2380 | D:4      | Noticed a phantom
  2425 | D:4      | Killed a phantom
  2425 | D:4      | Reached XP level 6. HP: 52/61 MP: 3/3
  2446 | D:4      | Found Covugeg's General Store.
  2454 | D:4      | Bought a scroll of torment for 90 gold pieces
  2454 | D:4      | Bought a potion of cancellation for 96 gold pieces
  2517 | D:4      | Found a shimmering altar of Xom.
  2670 | D:4      | Noticed an ogre
  2682 | D:4      | Killed an ogre
  2861 | D:5      | Entered Level 5 of the Dungeon
  2906 | D:4      | Reached skill level 4 in Maces & Flails
  2915 | D:4      | Acquired Trog's third power
  2960 | D:5      | Reached XP level 7. HP: 60/67 MP: 3/3
  3033 | D:5      | Found a glowing drain.
  3060 | Sewer    | Entered a sewer
  3144 | Sewer    | Noticed comborobin's ghost (experienced NaCK)
  3196 | Sewer    | Killed comborobin's ghost
  3292 | Sewer    | Reached XP level 8. HP: 73/78 MP: 3/3
  3794 | D:5      | Reached skill level 5 in Maces & Flails
  4076 | D:6      | Found a staircase to the Ecumenical Temple.
  4094 | Temple   | Entered the Ecumenical Temple
  5213 | D:7      | Upgraded the game from 0.16.1-29-g3e760ad to 0.16.1-30-g34a7ffa
  5219 | D:7      | Reached skill level 5 in Fighting
  5219 | D:7      | Reached skill level 5 in Unarmed Combat
  5219 | D:7      | Reached XP level 9. HP: 86/88 MP: 4/4
  5369 | D:7      | Noticed Sigmund
  5388 | D:7      | Killed Sigmund
  5481 | D:7      | Noticed Eustachio
  5490 | D:7      | Killed Eustachio
  5498 | D:7      | Reached skill level 5 in Dodging
  5713 | D:7      | Found an iron altar of Okawaru.
  5809 | D:8      | Found Doxulya's Jewellery Shop.
  5819 | D:8      | Bought an uncursed amulet of clarity for 260 gold pieces
  5854 | D:8      | Reached skill level 5 in Armour
  5862 | D:8      | Reached skill level 6 in Maces & Flails
  6015 | D:8      | Received a gift from Trog
  6077 | D:8      | Found a sand-covered staircase.
  6090 | Ossuary  | Entered an ossuary
  6337 | Ossuary  | Noticed Menkaure
  6343 | Ossuary  | Killed Menkaure
  6413 | D:8      | Slain by an orc warrior

Action                   |  1- 3 |  4- 6 |  7- 9 || total
-------------------------+-------+-------+-------++-------
Melee: Unarmed           |   103 |   188 |   513 ||   804
       Executioner's axe |       |       |     5 ||     5
Invok: Berserk           |     1 |     4 |     8 ||    13
       Trog's Hand       |       |     3 |     8 ||    11
Evoke: Wand              |       |       |    15 ||    15
  Use: Scroll            |     3 |     8 |    13 ||    24
       Potion            |       |     7 |     5 ||    12
  Eat: Chunk             |    14 |    24 |    36 ||    74
